 Dungeon Crawl Stone Soup version 0.20-a0-1116-gaa52201 (webtiles) character file.

10593 MenacingMecha the Spear-Bearer (level 11, -1/82 HPs)
             Began as a Gnoll Skald on May 6, 2017.
             Was a High Priest of Okawaru.
             Slain by a komodo dragon (11 damage)
             ... on level 3 of the Lair of Beasts on May 7, 2017.
             The game lasted 01:12:25 (15551 turns).

MenacingMecha the Spear-Bearer (Gnoll Skald)       Turns: 15551, Time: 01:12:25

Health: -1/82      AC: 14    Str: 12    XL:     11   Next: 64%
Magic:  6/17       EV: 17    Int: 14    God:    Okawaru [*****.]
Gold:   451        SH:  6    Dex: 22    Spells: 6/17 levels left

rFire    . . .     SeeInvis .   T - +0 trident
rCold    . . .     Gourm    .   x - +0 buckler
rNeg     + . .     Faith    .   E - +2 ring mail {rN+} {rN+}
rPois    .         Spirit   .   (no helmet)
rElec    .         Reflect  .   f - +2 cloak
rCorr    .         Harm     .   H - +1 pair of gloves
MR       .....                  P - +1 pair of boots
Stlth    +++.......             (no amulet)
Regen    0.3/turn               c - ring "Sesaw" {Wiz Dex+3}
MPRegen  0.2/turn               V - +2 ring of dexterity

@: infused, very slightly contaminated
A: short attention span, claws 1, fangs 1, agile 1, subdued magic 1, strong nose
a: Heroism, Finesse, Renounce Religion


You were on level 3 of the Lair of Beasts.
You worshipped Okawaru.
Okawaru was extremely pleased with you.
You were not hungry.

You visited 3 branches of the dungeon, and saw 14 of its levels.
You also visited: Labyrinth.

You collected 698 gold pieces.
You spent 247 gold pieces at shops.

Inventory:

Hand Weapons
 T - a +0 trident (weapon)
   (You found it on level 10 of the Dungeon)
Missiles
 i - a throwing net
 u - 7 steel tomahawks
 w - 11 tomahawks (quivered)
Armour
 f - a +2 cloak (worn)
   (You took it off Crazy Yiuf on level 2 of the Dungeon)
 x - a +0 buckler (worn)
   (You bought it in a shop on level 4 of the Dungeon)
 E - a +2 ring mail of positive energy (worn) {rN+}
   (You found it in a labyrinth)
 H - a +1 pair of gloves (worn)
   (You found it on level 6 of the Dungeon)
 P - a +1 pair of boots (worn)
   (You found it on level 10 of the Dungeon)
Jewellery
 c - the ring "Sesaw" (left hand) {Wiz Dex+3}
   (You took it off a minotaur in a labyrinth)

   [ring of wizardry]

   It improves your spell success rate.
   It affects your dexterity (+3).
 q - an uncursed ring of protection from cold {rC+}
   (You found it on level 3 of the Dungeon)
 K - an uncursed ring of positive energy {rN+}
   (You found it on level 7 of the Dungeon)
 V - a +2 ring of dexterity (right hand)
   (You found it on level 1 of the Lair of Beasts)
 W - an uncursed ring of ice {rC+, rF-}
   (You took it off Fannar on level 1 of the Lair of Beasts)
Wands
 b - a wand of acid (7/15)
   (You found it on level 6 of the Dungeon)
 y - a wand of flame (23/48)
   (You found it on level 5 of the Dungeon)
 I - a wand of flame (19/48)
   (You found it on level 6 of the Dungeon)
 J - a wand of lightning (7/15)
   (You found it on level 7 of the Dungeon)
 U - a wand of iceblast (5/15)
   (You found it on level 10 of the Dungeon)
 X - a wand of lightning (12/15)
   (You found it on level 1 of the Lair of Beasts)
Scrolls
 e - 7 scrolls of identify
 h - 5 scrolls of teleportation
 j - 8 scrolls of remove curse
 l - a scroll of fear
 m - 3 scrolls of magic mapping
 n - 3 scrolls of blinking
 N - a scroll of recharging
Potions
 t - 2 potions of brilliance
 z - a potion of curing
 O - a potion of lignification
Miscellaneous
 a - a phantom mirror
 s - a fan of gales
   (You found it in a labyrinth)
 A - a box of beasts
Comestibles
 d - 3 bread rations


   Skills:
 - Level 6.3 Fighting
 - Level 11.3 Polearms
 - Level 1.7 Armour
 - Level 8.0 Dodging
 - Level 5.1 Stealth
 - Level 4.2 Shields
 + Level 3.6 Spellcasting
 - Level 4.0 Hexes
 - Level 6.0 Charms
 - Level 7.1 Necromancy
 - Level 3.4 Translocations
 - Level 8.1 Invocations
 - Level 6.1 Evocations


You had 6 spell levels left.
You knew the following spells:

 Your Spells              Type           Power        Failure   Level  Hunger
a - Infusion              Chrm           ##..         1%          1    None
r - Regeneration          Chrm/Necr      ###.......   2%          3    ###....
s - Shroud of Golubria    Chrm/Tloc      ##........   3%          2    ##.....
z - Spectral Weapon       Hex/Chrm       ##......     6%          3    ###....
S - Song of Slaying       Chrm           ##......     1%          2    ##.....


Dungeon Overview and Level Annotations

Branches:
Dungeon (10/15)            Temple (1/1) D:4            Lair (3/6) D:10
  Swamp: Lair:2-4    Shoals: Lair:2-4     Snake: Lair:2-4    Spider: Lair:2-4
    Orc: D:9-12

Altars:
Ashenzari
Cheibriados
Dithmenos
Elyvilon
Fedhas
Gozag
Hepliaklqana
Kikubaaqudgha
Makhleb
Nemelex Xobeh
Okawaru
Qazlal
Ru
Sif Muna
Trog
Uskayaw
Vehumet
Wu Jian
Xom
Yredelemnul
Zin
The Shining One

Shops:
D:2 *   D:4 [   D:10 *

Annotations:
D:3 ice beast
D:5 spellbook over water
D:8 exclusion: troll
Lair:1 exclusion: spiny frog, Nergalle
Lair:2 stash, exclusion: oklob plant
Lair:3 exclusion: electric eel


Innate Abilities, Weirdness & Mutations

You have a short attention span.
You have very sharp teeth.
Your uncanny sense of smell can sniff out nearby items.
You have sharp fingernails.
You are agile. (Dex +2)
Your spells are a little easier to cast, but a little less powerful.


Message History

The porcupine is almost dead.
Your spectral weapon hits the porcupine from afar!
You kill the porcupine!
Okawaru accepts your kill.
e - 7 scrolls of identify (gained 1) You're too hungry to rest.
You're too hungry to rest.
You're too hungry to rest.
You eat one of the 4 bread rations.
That bread ration really hit the spot!
You start resting.
Your shroud begins to fray at the edges.
Your spectral weapon fades away.
You start resting.
Your shroud unravels.
You start resting.
Magic restored.
You start resting.
HP restored.
A komodo dragon comes into view.
Found a stone staircase leading up.
The komodo dragon hisses angrily.
You see here a phantom mirror.
a - a phantom mirror The komodo dragon bites you!
Casting: Shroud of Golubria
Confirm with . or Enter, or press ? or * to list all spells.
You miscast Spectral Weapon.
You are very lightly contaminated with residual magic.
Your skin tingles.
The komodo dragon closely misses you.
Casting: Spectral Weapon
Confirm with . or Enter, or press ? or * to list all spells.
You miscast Spectral Weapon.
Your skin glows momentarily.
The komodo dragon bites you!!
Casting: Spectral Weapon
Confirm with . or Enter, or press ? or * to list all spells.
You draw out your weapon's spirit!
The komodo dragon bites you!!
You hit the komodo dragon but do no damage.
Your spectral weapon hits the komodo dragon but does no damage.
You hit the komodo dragon but do no damage.
You bite the komodo dragon, but do no damage.
Your spectral weapon hits the komodo dragon from afar.
The komodo dragon bites you!
* * * LOW HITPOINT WARNING * * *
You hit the komodo dragon but do no damage.
You bite the komodo dragon, but do no damage.
The komodo dragon is lightly wounded.
Your spectral weapon closely misses the komodo dragon.
The komodo dragon completely misses you.
Okay, then.
Casting: Spectral Weapon
Confirm with . or Enter, or press ? or * to list all spells.
You begin infusing your attacks with magical energy.
The komodo dragon closely misses you.
You closely miss the komodo dragon.
You bite the komodo dragon, but do no damage.
The komodo dragon is lightly wounded.
Your spectral weapon hits the komodo dragon but does no damage.
You puncture the komodo dragon!
The komodo dragon is moderately wounded.
Your spectral weapon hits the komodo dragon.
The komodo dragon closely misses you.
You barely miss the komodo dragon.
You bite the komodo dragon, but do no damage.
The komodo dragon is moderately wounded.
Your spectral weapon hits the komodo dragon but does no damage.
You block the komodo dragon's attack.
You puncture the komodo dragon!
The komodo dragon is heavily wounded.
Your spectral weapon barely misses the komodo dragon.
The komodo dragon completely misses you.
You puncture the komodo dragon!
You bite the komodo dragon, but do no damage.
The komodo dragon is severely wounded.
Your spectral weapon hits the komodo dragon but does no damage.
You strike the helpless komodo dragon from behind!
You hit the komodo dragon. Your bite misses the komodo dragon.
The komodo dragon is severely wounded.
Your spectral weapon hits the komodo dragon but does no damage.
The komodo dragon bites your spectral weapon!
Your spectral weapon shares its damage with you!
Your spectral weapon fades away.
* * * LOW HITPOINT WARNING * * *
The komodo dragon hisses angrily.
Your ring mail prevents you from hitting the komodo dragon.
The komodo dragon is severely wounded.
The komodo dragon misses you.
You hit the komodo dragon.
The komodo dragon is almost dead.
The komodo dragon closely misses you.
You hit the komodo dragon.
You bite the komodo dragon, but do no damage.
The komodo dragon is almost dead.
You hit the komodo dragon.
You bite the komodo dragon, but do no damage.
The komodo dragon is almost dead.
The komodo dragon completely misses you.
You barely miss the komodo dragon.
The komodo dragon is almost dead.
The komodo dragon bites you!
You die...

#............≈≈≈
#...........≈≈≈≈≈.
#...........≈≈≈;...
#..................
#P.................
##..................
#.........>...#.....
##.l.................
#..@.................
##...................
..###.................
..##..................
#......................
##.....................
#.....................
#.....................
##....................


You could see a komodo dragon.

Vanquished Creatures
  A minotaur (Lab)
  Fannar (Lair:1)
  A two-headed ogre (D:9)
  4 elephants (Lair:2)
  A black mamba (Lair:2)
  3 spiny frogs
  2 komodo dragons
  2 trolls
  2 hippogriffs
  A wraith (D:10)
  A basilisk (Lair:1)
  4 water moccasins
  2 porcupines
  An ice beast (D:7)
  A black bear (D:9)
  2 ogres (D:10)
  A necrophage (D:10)
  2 phantoms (D:5)
  10 wolves
  A crocodile (Lair:2)
  3 centaurs
  5 bullfrogs
  A scorpion (D:8)
  4 wights (D:10)
  A howler monkey (D:6)
  A bullfrog zombie (D:5)
  3 crimson imps
  5 jellies
  5 hounds
  Crazy Yiuf (D:2)
  4 orc priests
  2 iguanas
  2 bullfrog skeletons
  6 orc wizards
  7 worker ants
  A worker ant zombie (D:7)
  3 gnolls (D:9)
  5 adders
  3 shadow imps
  7 oozes
  An adder zombie (D:5)
  3 worms
  2 dart slugs (D:2)
  4 leopard geckos
  34 orcs
  7 bats
  3 giant cockroaches
  9 goblins
  8 hobgoblins
  20 jackals
  5 quokkas
  A ball python (D:3)
  5 frilled lizards
  5 kobolds
  8 rats
  A fungus (D:4)
228 creatures vanquished.

Vanquished Creatures (others)
  8 fungi
  9 spectral weapons
17 creatures vanquished.

Grand Total: 245 creatures vanquished

Notes
Turn   | Place    | Note
-------+----------+-------------------------------------------
     0 | D:1      | MenacingMecha the Gnoll Skald began the quest for the Orb.
     0 | D:1      | Reached XP level 1. HP: 18/18 MP: 5/5
    75 | D:1      | Reached skill level 4 in Polearms
   267 | D:1      | Reached XP level 2. HP: 17/24 MP: 6/6
   521 | D:1      | Reached skill level 5 in Polearms
   783 | D:1      | Reached XP level 3. HP: 19/29 MP: 8/8
   896 | D:1      | Learned a level 2 spell: Shroud of Golubria
   900 | D:1      | Learned a level 3 spell: Regeneration
   904 | D:1      | Learned a level 3 spell: Spectral Weapon
  1378 | D:2      | Reached skill level 6 in Polearms
  1684 | D:2      | Found an opulent altar of Gozag.
  1685 | D:2      | Found Gozag's Platinum Reserve.
  1895 | D:2      | Reached XP level 4. HP: 35/35 MP: 9/9
  2279 | D:2      | Found a runed door.
  2595 | D:2      | Noticed Crazy Yiuf
  2609 | D:2      | Killed Crazy Yiuf
  2609 | D:2      | Reached skill level 7 in Polearms
  2953 | D:3      | Reached XP level 5. HP: 41/41 MP: 10/10
  2987 | D:3      | Reached skill level 1 in Translocations
  3263 | D:3      | Reached skill level 2 in Translocations
  3512 | D:3      | Reached skill level 3 in Translocations
  3831 | D:3      | Noticed an ice beast
  4109 | D:4      | Found Fidi's Armour Boutique.
  4113 | D:4      | Bought a +0 buckler for 45 gold pieces
  4193 | D:4      | Reached skill level 2 in Shields
  4247 | D:4      | Reached skill level 3 in Shields
  4455 | D:4      | Found a staircase to the Ecumenical Temple.
  4463 | Temple   | Entered the Ecumenical Temple
  4533 | Temple   | Became a worshipper of Warmaster Okawaru
  4551 | D:4      | Found a sparkling altar of Nemelex Xobeh.
  4551 | D:4      | Found a shadowy altar of Dithmenos.
  4556 | D:4      | Found a glowing silver altar of Zin.
  4559 | D:4      | Found a bloodstained altar of Trog.
  4567 | D:4      | Reached skill level 4 in Shields
  4567 | D:4      | Reached XP level 6. HP: 42/47 MP: 11/11
  4568 | D:4      | Found a radiant altar of Vehumet.
  4854 | D:4      | Reached skill level 1 in Stealth
  5000 | D:5      | Entered Level 5 of the Dungeon
  5039 | D:5      | Reached skill level 2 in Stealth
  5220 | D:5      | Noticed a phantom
  5233 | D:5      | Reached skill level 3 in Stealth
  5276 | D:5      | Reached skill level 4 in Stealth
  5462 | D:5      | Reached skill level 5 in Stealth
  5477 | D:5      | Reached XP level 7. HP: 47/52 MP: 3/12
  5620 | D:5      | Reached * piety under Okawaru
  5620 | D:5      | Reached skill level 8 in Polearms
  5905 | D:5      | HP: 13/52 [poisoned by an orc wizard]
  6315 | D:5      | Learned a level 2 spell: Song of Slaying
  6341 | D:5      | Reached skill level 4 in Dodging
  6455 | D:5      | Reached skill level 5 in Dodging
  6552 | D:5      | Reached skill level 6 in Dodging
  6592 | D:5      | Found a shimmering altar of Xom.
  6779 | D:5      | Reached XP level 8. HP: 41/58 MP: 1/13
  6933 | D:5      | Found a deep blue altar of Sif Muna.
  7522 | D:6      | Reached skill level 5 in Charms
  7825 | D:6      | Found Moysihua's Magic Scroll Shoppe.
  7863 | D:6      | Reached skill level 6 in Charms
  7869 | D:6      | Reached ** piety under Okawaru
  8061 | D:6      | Reached skill level 1 in Hexes
  8196 | D:6      | Reached skill level 3 in Hexes
  8430 | D:6      | Reached skill level 4 in Hexes
  9047 | D:7      | Got a scorched shield
  9058 | D:7      | Identified the cursed +0 shield "Voill" {Dex+4} (You found it on level 7 of the Dungeon)
  9125 | D:7      | Reached skill level 9 in Polearms
  9292 | D:7      | Reached skill level 4 in Fighting
  9352 | D:7      | Found a glowing silver altar of Zin.
  9402 | D:7      | Reached skill level 5 in Fighting
  9560 | D:8      | Reached skill level 6 in Fighting
  9571 | D:8      | Reached skill level 1 in Necromancy
  9714 | D:8      | Reached skill level 2 in Necromancy
  9719 | D:8      | Reached skill level 3 in Necromancy
  9728 | D:8      | Reached skill level 4 in Necromancy
  9728 | D:8      | Reached XP level 9. HP: 66/70 MP: 10/14
  9837 | D:8      | Reached skill level 5 in Necromancy
  9847 | D:8      | Noticed a troll
  9876 | D:8      | Found an ornate altar of the Wu Jian Council.
  9984 | D:8      | Reached skill level 6 in Necromancy
 10485 | D:8      | Noticed a deep elf mage
 10485 | D:8      | Noticed a manticore
 10486 | D:8      | Noticed a deep elf archer
 10576 | D:9      | Reached skill level 7 in Necromancy
 10591 | D:9      | Found a sacrificial altar of Ru.
 10628 | D:9      | Reached *** piety under Okawaru
 11088 | D:9      | Noticed a troll
 11105 | D:9      | Killed a troll
 11507 | D:10     | Entered Level 10 of the Dungeon
 11507 | D:10     | Noticed a two-headed ogre
 11523 | D:9      | Killed a two-headed ogre
 11523 | D:9      | Reached skill level 10 in Polearms
 11626 | D:10     | Reached **** piety under Okawaru
 11626 | D:10     | Reached skill level 3 in Evocations
 11626 | D:10     | Reached XP level 10. HP: 69/77 MP: 11/15
 11715 | D:10     | HP: 16/77 [something (5)]
 11719 | D:10     | HP: 6/77 [something (4)]
 11724 | D:10     | HP: 4/77 [something (4)]
 11742 | D:10     | Reached skill level 4 in Evocations
 11903 | D:10     | Reached skill level 5 in Evocations
 11991 | D:10     | Found Mus Gug's General Store.
 11999 | D:10     | Bought a scroll of teleportation for 45 gold pieces
 11999 | D:10     | Bought a scroll of teleportation for 45 gold pieces
 11999 | D:10     | Bought a scroll of blinking for 112 gold pieces
 12071 | D:10     | Reached skill level 6 in Evocations
 12073 | D:10     | Found a staircase to the Lair.
 12253 | D:10     | Reached skill level 3 in Invocations
 12483 | Lair:1   | Entered Level 1 of the Lair of Beasts
 12483 | Lair:1   | Noticed Nergalle
 12655 | Lair:1   | Noticed a spiny frog
 12664 | Lair:1   | Noticed Fannar
 12723 | Lair:1   | Killed Fannar
 12912 | Lair:1   | Reached ***** piety under Okawaru
 13009 | Lair:1   | Reached skill level 11 in Polearms
 13245 | Lair:2   | Noticed a black mamba
 13261 | Lair:2   | Killed a black mamba
 13261 | Lair:2   | Reached skill level 5 in Invocations
 13301 | Lair:2   | Found a labyrinth entrance.
 13331 | Lab      | Entered a labyrinth
 13426 | Lab      | Noticed a minotaur
 13446 | Lab      | Killed a minotaur
 13446 | Lab      | Received a gift from Okawaru
 13446 | Lab      | Reached skill level 7 in Invocations
 13446 | Lab      | Reached XP level 11. HP: 51/82 MP: 4/16
 13447 | Lab      | Got a slimy dagger {god gift}
 13449 | Lab      | Got a wavering ivory ring
 13451 | Lab      | Identified the ring "Sesaw" {Wiz Dex+3} (You took it off a minotaur in a labyrinth)
 13554 | Lab      | Got a twisted morningstar
 13872 | Lair:2   | Reached skill level 8 in Invocations
 14034 | Lair:2   | Reached skill level 7 in Dodging
 14283 | Lair:2   | Noticed an oklob plant
 14503 | Lair:2   | Reached skill level 8 in Dodging
 14753 | Lair:2   | Received a gift from Okawaru
 15025 | Lair:2   | Gained mutation: Your spells are a little easier to cast, but a little less powerful. [potion of mutation]
 15025 | Lair:2   | Gained mutation: You have sharp fingernails. [potion of mutation]
 15025 | Lair:2   | Gained mutation: You are agile. (Dex +2) [potion of mutation]
 15537 | Lair:3   | HP: 14/82 [komodo dragon (17)]
 15546 | Lair:3   | HP: 9/82 [komodo dragon (7)]
 15551 | Lair:3   | Slain by a komodo dragon

Vault maps used:
D:1:      denvon_arrival_planthouse
D:2:      nicolae_gozag_zags_fifth_avenue, uniq_crazy_yiuf_cottage
D:4:      chequers_temple_overflow_minitemple, minmay_temple_entry_trees,
          serial_shops, nicolae_shop_statue_plus, first_bread,
          interstate_on_off, minmay_gold_behind_fungi
D:5:      kennysheep_mini_moat, led_sif_book
D:6:      serial_shops, shop
D:7:      basic_altar
D:8:      marbit_many_paths, hangedman_little_slice_of_home,
          minmay_the_grid_octo_triangle, uniq_joseph
D:9:      basic_altar
D:10:     lair_entry_dummy, serial_shops, shop
Temple:   dshaligram_water_room_temple
Lair:1:   grunt_megastairs_2, uniq_fannar, uniq_nergalle
Lair:2:   lab_entry_generic, minmay_lair_oklob_items
Lair:3:   kb_forest_paths, infiniplex_staircase_pool
Lab:      labyrinth_spiral, nicolae_lab_swirl, nicolae_lab_flowing_pool,
          labyrinth_skeletal_remains, nicolae_lab_checkerboard

Skill      XL: |  1  2  3  4  5  6  7  8  9 10 11 |
---------------+----------------------------------+-----
Polearms       | 4 5 6 7 8 9 10 11 | 11.3
Translocations | 3 |  3.4
Shields        | 4 |  4.2
Stealth        | 5 |  5.1
Dodging        | 6 8 |  8.0
Charms         | 6 |  6.0
Hexes          | 4 |  4.0
Fighting       | 6 |  6.3
Necromancy     | 4 7 |  7.1
Evocations     | 3 6 |  6.1
Invocations    | 7 8 |  8.1
Armour         | |  1.7
Spellcasting   | |  3.6

Action                   |  1- 3 |  4- 6 |  7- 9 | 10-12 || total
-------------------------+-------+-------+-------+-------++-------
Melee: Spear             |   169 |   333 |   690 |    29 ||  1221
       Bite              |    13 |    32 |    68 |    55 ||   168
       Trident           |       |       |       |   335 ||   335
Throw: Tomahawk          |       |       |     8 |     3 ||    11
 Cast: Infusion          |     2 |     6 |    19 |     6 ||    33
       Shroud of Golubri |       |     4 |    30 |    21 ||    55
       Song of Slaying   |       |       |     1 |       ||     1
       Spectral Weapon   |       |       |    12 |    36 ||    48
Invok: Heroism           |       |       |       |     1 ||     1
       Finesse           |       |       |       |     1 ||     1
  Use: Scroll            |       |     1 |    10 |    10 ||    21
       Potion            |       |       |       |     8 ||     8
 Stab: Sleeping          |     1 |       |     6 |     4 ||    11
       Invisible         |       |     2 |       |       ||     2
       Distracted        |       |       |     3 |     3 ||     6
  Eat: Chunk             |     3 |    12 |    22 |     5 ||    42
       Meat ration       |       |       |       |     2 ||     2
       Bread ration      |       |       |       |     1 ||     1
Armor: Leather armour    |    21 |       |       |       ||    21
       Ring mail         |    21 |    68 |   121 |    37 ||   247
       Troll leather arm |       |       |     6 |    65 ||    71
       Skin              |       |       |       |     3 ||     3
Dodge: Dodged            |    94 |   110 |   247 |   198 ||   649
Block: Buckler           |       |    13 |    80 |    80 ||   173

Vault maps used:
D:1:      denvon_arrival_planthouse
D:2:      nicolae_gozag_zags_fifth_avenue, uniq_crazy_yiuf_cottage
D:4:      chequers_temple_overflow_minitemple, minmay_temple_entry_trees,
          serial_shops, nicolae_shop_statue_plus, first_bread,
          interstate_on_off, minmay_gold_behind_fungi
D:5:      kennysheep_mini_moat, led_sif_book
D:6:      serial_shops, shop
D:7:      basic_altar
D:8:      marbit_many_paths, hangedman_little_slice_of_home,
          minmay_the_grid_octo_triangle, uniq_joseph
D:9:      basic_altar
D:10:     lair_entry_dummy, serial_shops, shop
Temple:   dshaligram_water_room_temple
Lair:1:   grunt_megastairs_2, uniq_fannar, uniq_nergalle
Lair:2:   lab_entry_generic, minmay_lair_oklob_items
Lair:3:   kb_forest_paths, infiniplex_staircase_pool
Lab:      labyrinth_spiral, nicolae_lab_swirl, nicolae_lab_flowing_pool,
          labyrinth_skeletal_remains, nicolae_lab_checkerboard

Table legend:
 A = Turns spent in this place as a percentage of turns spent in the entire game.
 B = Non-inter-level travel turns spent in this place as a percentage of non-inter-level travel turns spent in the entire game.
 C = Inter-level travel turns spent in this place as a percentage of turns spent in this place.
 D = Turns resting spent in this place as a percentage of non-inter-level travel turns spent in this place.
 E = Turns spent auto-exploring this place as a percentage of non-inter-level travel turns spent in this place.
 F = Non-inter-level travel turns spent in this place divided by the number of levels of this place that you've seen.
                   A       B       C       D       E      F
               +-------+-------+-------+-------+-------+----------------------
         Total | 100.0 | 100.0 |   0.4 |   4.8 |   3.1 | 379.0
       Dungeon |  72.2 |  72.3 |   0.3 |   4.9 |   3.9 | 410.9
        Temple |   1.3 |   1.4 |   0.0 |   0.0 |   0.0 |  77.0
          Lair |  22.4 |  22.3 |   0.8 |   5.5 |   1.1 | 423.3
     Labyrinth |   4.0 |   4.0 |   0.0 |   0.0 |   0.0 | 229.0
               +-------+-------+-------+-------+-------+----------------------

Table legend:
 A = Kills in this place as a percentage of kills in entire the game.
 B = Kills by you in this place as a percentage of kills by you in the entire game.
 C = Kills by friends in this place as a percentage of kills by friends in the entire game.
 D = Other kills in this place as a percentage of other kills in the entire game.
 E = Experience gained in this place as a percentage of experience gained in the entire game.
 F = Experience gained in this place divided by the number of levels of this place that you have seen.
                   A       B       C       D       E      F
               +-------+-------+-------+-------+-------+----------------------
         Total | 100.0 | 100.0 |  -nan |  -nan | 100.0 | 1008.9
       Dungeon |  86.3 |  86.3 |  -nan |  -nan |  40.2 | 608.7
          Lair |  13.2 |  13.2 |  -nan |  -nan |  51.9 | 2616.3
     Labyrinth |   0.4 |   0.4 |  -nan |  -nan |   7.9 | 1197.0
               +-------+-------+-------+-------+-------+----------------------
